 Dungeon Crawl Stone Soup version 0.20.1-1-g8b1a95d (webtiles) character file.

5290 vineage the Carver (level 10, -5/73 HPs)
             Began as a Demonspawn Berserker on Oct 27, 2017.
             Was an Elder of Trog.
             Slain by a yak (12 damage)
             ... on level 10 of the Dungeon.
             The game lasted 00:20:05 (10403 turns).

vineage the Carver (Demonspawn Berserker)          Turns: 10403, Time: 00:20:06

Health: -5/73      AC: 13    Str: 22    XL:     10   Next: 37%
Magic:  10/10      EV: 11    Int: 13    God:    Trog [****..]
Gold:   203        SH:  0    Dex: 18    Spells: 9/9 levels left

rFire    . . .     SeeInvis .   a - +0 falchion
rCold    . . .     Gourm    .   (no shield)
rNeg     + . .     Faith    .   E - +2 scale mail of Uskayaw's Esteem {-Cast rElec rN+ Str+4}
rPois    +         Spirit   .   i - +0 helmet {Int+3}
rElec    +         Reflect  .   g - scarf {repulsion}
rCorr    .         Harm     .   m - +0 pair of gloves
MR       .....     NoCast   +   p - +0 pair of boots
Stlth    ..........             (no amulet)
Regen    0.3/turn               r - +1 ring of slaying
MPRegen  0.2/turn               B - +4 ring of dexterity

@: berserk cooldown, slowed, repel missiles, very slow
A: talons 2, demonic guardian 1, poison resistance, powered by death 1, shaggy
fur 1, sturdy frame 1
a: Berserk, Trog's Hand, Brothers in Arms, Burn Spellbooks, Renounce Religion


You were on level 10 of the Dungeon.
You worshipped Trog.
Trog was greatly pleased with you.
You were not hungry.

You visited 1 branch of the dungeon, and saw 10 of its levels.

You collected 419 gold pieces.
You spent 216 gold pieces at shops.

Inventory:

Hand Weapons
 a - a +0 falchion (weapon)
Armour
 g - a scarf of repulsion (worn)
 i - a +0 helmet of intelligence (worn)
 m - a +0 pair of gloves (worn)
 p - a +0 pair of boots (worn)
 v - a +0 plate armour
 E - the +2 scale mail of Uskayaw's Esteem (worn) {-Cast rElec rN+ Str+4}
   (You bought it in a shop on level 4 of the Dungeon)

   It affects your strength (+4).
   It insulates you from electricity.
   It protects you from negative energy.
   It prevents spellcasting.
Jewellery
 r - a +1 ring of slaying (left hand)
 B - a +4 ring of dexterity (right hand)
 F - an uncursed ring of resist corrosion {unknown}
Wands
 q - a wand of confusion (13/48)
 u - a wand of iceblast (5/15)
 G - a wand of iceblast (10/15)
Scrolls
 e - a scroll of fog
 n - 4 scrolls of remove curse
 o - 2 scrolls of enchant weapon {unknown}
 A - a scroll of fear {unknown}
 C - a scroll of immolation {unknown}
Potions
 f - a potion of mutation
 k - a potion of degeneration {unknown}
 l - a potion of agility
 s - a potion of brilliance {unknown}
 t - a potion of invisibility {unknown}
 x - a potion of cancellation {unknown}
 z - a potion of ambrosia {unknown}
Books
 b - a book of Callings

   Spells                             Type                      Level
   a - Summon Small Mammal            Summoning                    1
   b - Call Imp                       Summoning                    2
   c - Call Canine Familiar           Summoning                    3
   d - Summon Guardian Golem          Hexes/Summoning              3
   e - Summon Lightning Spire         Summoning/Air                4
   f - Summon Ice Beast               Ice/Summoning                4
   Trog disapproves of the use of such an item.
 y - a book of Cantrips

   Spells                             Type                      Level
   a - Confusing Touch                Hexes                        1
   b - Animate Skeleton               Necromancy                   1
   c - Summon Small Mammal            Summoning                    1
   d - Apportation                    Translocation                1
   Trog disapproves of the use of such an item.
 D - a book of Minor Magic

   Spells                             Type                      Level
   a - Magic Dart                     Conjuration                  1
   b - Blink                          Translocation                2
   c - Call Imp                       Summoning                    2
   d - Slow                           Hexes                        2
   e - Conjure Flame                  Conjuration/Fire             3
   f - Mephitic Cloud                 Conjuration/Poison/Air       3
   Trog disapproves of the use of such an item.
Comestibles
 c - 2 bread rations
 d - 5 meat rations
 j - 2 royal jellies


   Skills:
 + Level 4.7 Fighting
 + Level 13.0 Long Blades
 + Level 4.4 Armour
 - Level 1.7 Dodging


You had 9 spell levels left.
You didn't know any spells.

Dungeon Overview and Level Annotations

Branches:
Dungeon (10/15)            Temple (0/1) D:5            Lair (0/6) D:9
    Orc: D:9-12

Altars:
Fedhas
Hepliaklqana
Kikubaaqudgha
Nemelex Xobeh
Okawaru
Ru
Sif Muna
Trog
Uskayaw
Xom
Yredelemnul
Zin
The Shining One

Shops:
D:4 [   D:5 ?

Annotations:
D:3 2 transporters


Innate Abilities, Weirdness & Mutations

You have razor-sharp toenails.
A weak demonic guardian rushes to your aid.
You regenerate a little health from kills.
Your movements are slightly less encumbered by armour. (ER -2)
Your system is resistant to poisons. (rPois)
You are covered in fur. (AC +1)


Message History

The yak is moderately wounded.
Your white imp disappears in a puff of smoke!
The yak barely misses you. The yak gores you!
* * * LOW HITPOINT WARNING * * *
You slash the yak!
The yak is heavily wounded.
The yak gores you.
* * * LOW HITPOINT WARNING * * *
The yak gores you but does no damage.
You completely miss the yak.
The yak is heavily wounded.
The yak gores you.
* * * LOW HITPOINT WARNING * * *
The yak gores you but does no damage.
You're too hungry.
You eat one of the 3 bread rations.
That bread ration really hit the spot!
The yak gores you!
* * * LOW HITPOINT WARNING * * *
The yak gores you!
You die...

#.......................#
#.......YYY.5............
###.....######...........#.
...........+....#.............
...######..#....#..........#.#
...#....#..'....##............
...#....#.Y#...$Y#.....##.#.#.
...#....#..#)..YY#.....# .....
...#....#..#'###@#.>...# #.#.#
...#.....Y.o.o.###.....#
...'................
...######.._........
....................
....................
.#######............ .#
#............ .# #############


You could see 3 yaks.

Vanquished Creatures
  The ghost of bmj180 the Cleaver, a novice HOFi of Beogh (D:9)
  A troll (D:10)
  A hornet (D:9)
  A hippogriff (D:7)
  2 yaks (D:10)
  A hungry ghost (D:8)
  A water moccasin (D:9)
  3 orc warriors
  A sky beast (D:8)
  2 ogres
  A centaur (D:8)
  A bullfrog (D:9)
  2 gnoll sergeants
  14 killer bees
  A jelly (D:5)
  A howler monkey (D:5)
  5 crimson imps
  A centaur zombie (D:5)
  4 hounds
  9 orc priests
  3 centaur skeletons
  An iguana (D:9)
  2 orc wizards
  3 worker ants
  A killer bee zombie (D:7)
  9 adders
  8 gnolls
  3 adder skeletons
  An adder zombie (D:5)
  2 worms
  2 dart slugs (D:2)
  4 leopard geckos
  29 orcs
  2 ball pythons
  6 bats
  4 giant cockroaches
  3 goblins (D:2)
  6 hobgoblins
  9 jackals
  13 kobolds
  5 frilled lizards
  4 rats
173 creatures vanquished.

Vanquished Creatures (collateral kills)
  A two-headed ogre (D:9)
  A hippogriff (D:9)
  2 basilisks (D:9)
  A yak (D:9)
  Edmund (D:5)
  A phantom (D:6)
  A necrophage (D:8)
  An ice beast (D:5)
  2 ogres
  A bullfrog (D:7)
  6 killer bees
  A bullfrog zombie (D:8)
  A howler monkey (D:7)
  A crimson imp (D:3)
  2 orc priests
  A hound (D:7)
  An orc wizard (D:7)
  An iguana (D:7)
  A worker ant (D:7)
  A shadow imp (D:8)
  10 orcs
  2 hobgoblins (D:3)
  6 jackals
  A quokka (D:8)
47 creatures vanquished.

Grand Total: 220 creatures vanquished

Notes
Turn   | Place    | Note
-------+----------+-------------------------------------------
     0 | D:1      | vineage the Demonspawn Berserker began the quest for the Orb.
     0 | D:1      | Reached XP level 1. HP: 18/18 MP: 1/1
    94 | D:1      | Reached skill level 3 in Long Blades
   410 | D:1      | Gained mutation: A weak demonic guardian rushes to your aid. [demonic ancestry]
   410 | D:1      | Reached XP level 2. HP: 24/24 MP: 2/2
   960 | D:2      | Reached XP level 3. HP: 24/29 MP: 3/3
   963 | D:2      | Reached skill level 4 in Long Blades
  1082 | D:2      | Reached ** piety under Trog
  1484 | D:2      | Found a sacrificial altar of Ru.
  1992 | D:3      | Gained mutation: You have sharp toenails. [demonic ancestry]
  1992 | D:3      | Reached XP level 4. HP: 33/35 MP: 4/4
  2007 | D:3      | Reached skill level 5 in Long Blades
  2183 | D:3      | Found a transporter.
  2202 | D:3      | Found a transporter.
  2235 | D:3      | Found a blossoming altar of Fedhas.
  2272 | D:3      | Reached XP level 5. HP: 41/41 MP: 5/5
  2574 | D:3      | Found an ancient bone altar of Kikubaaqudgha.
  2965 | D:4      | Reached skill level 6 in Long Blades
  3382 | D:4      | Found Wiehabre's Antique Armour Shop.
  3979 | D:5      | Entered Level 5 of the Dungeon
  3993 | D:5      | Found a sparkling altar of Nemelex Xobeh.
  3994 | D:5      | Found a deep blue altar of Sif Muna.
  3996 | D:5      | Found an iron altar of Okawaru.
  4025 | D:5      | Reached XP level 6. HP: 47/47 MP: 6/6
  4026 | D:5      | Noticed Edmund
  4042 | D:5      | Killed Edmund
  4065 | D:5      | Found a staircase to the Ecumenical Temple.
  4070 | D:5      | Reached *** piety under Trog
  4100 | D:5      | Found a hazy altar of Hepliaklqana.
  4101 | D:5      | Found a shimmering altar of Xom.
  4101 | D:5      | Noticed a hell beast
  4102 | D:5      | Noticed a spectral ugly thing
  4102 | D:5      | Noticed a hell beast
  4256 | D:5      | Found Xuaw Mui's Magic Scroll Emporium.
  4257 | D:5      | Noticed an ice beast
  4270 | D:5      | Killed an ice beast
  4270 | D:5      | Reached skill level 7 in Long Blades
  4279 | D:5      | Gained mutation: Your system is resistant to poisons. (rPois) [potion of mutation]
  4279 | D:5      | Gained mutation: You have razor-sharp toenails. [potion of mutation]
  4279 | D:5      | Gained mutation: You are covered in fur. (AC +1) [potion of mutation]
  4302 | D:5      | Reached XP level 7. HP: 50/52 MP: 7/7
  4905 | D:6      | Reached skill level 8 in Long Blades
  5575 | D:7      | Noticed a hippogriff
  5589 | D:7      | Reached skill level 9 in Long Blades
  5589 | D:7      | Gained mutation: Your movements are slightly less encumbered by armour. (ER -2) [demonic ancestry]
  5589 | D:7      | Reached XP level 8. HP: 38/58 MP: 8/8
  5595 | D:7      | Killed a hippogriff
  5839 | D:7      | Reached **** piety under Trog
  5861 | D:7      | Reached skill level 10 in Long Blades
  7087 | D:8      | Reached skill level 11 in Long Blades
  7087 | D:8      | Reached XP level 9. HP: 63/63 MP: 9/9
  7201 | D:8      | Found a glowing silver altar of Zin.
  7212 | D:8      | Found a sacrificial altar of Ru.
  7871 | D:4      | Bought an encrusted scale mail for 216 gold pieces
  7881 | D:4      | Identified the +2 scale mail of Uskayaw's Esteem {-Cast rElec rN+ Str+4} (You bought it in a shop on level 4 of the Dungeon)
  8145 | D:8      | Found a glowing golden altar of the Shining One.
  8214 | D:8      | Reached skill level 12 in Long Blades
  8776 | D:9      | Found a hide-covered altar of Uskayaw.
  8793 | D:9      | Noticed bmj180's ghost (novice HOFi)
  8818 | D:9      | Killed bmj180's ghost
  9097 | D:9      | Found a staircase to the Lair.
  9098 | D:9      | Gained mutation: You regenerate a little health from kills. [demonic ancestry]
  9098 | D:9      | Reached XP level 10. HP: 71/71 MP: 10/10
  9129 | D:9      | Noticed a two-headed ogre
  9481 | D:9      | Noticed a two-headed ogre
  9488 | D:9      | Killed a two-headed ogre
  9546 | D:9      | Found a bloodstained altar of Trog.
  9959 | D:9      | Received a gift from Trog
 10161 | D:10     | Entered Level 10 of the Dungeon
 10180 | D:10     | Found a basalt altar of Yredelemnul.
 10362 | D:10     | Reached skill level 13 in Long Blades
 10403 | D:10     | Slain by a yak

Skill      XL: |  1  2  3  4  5  6  7  8  9 10 |
---------------+-------------------------------+-----
Long Blades    | 3 4 5 6 7 9 11 12 13 | 13.0
Armour         | 3 4 |  4.4
Fighting       | 4 |  4.7
Dodging        | |  1.7

Action                   |  1- 3 |  4- 6 |  7- 9 | 10-12 || total
-------------------------+-------+-------+-------+-------++-------
Melee: Falchion          |   103 |   131 |   496 |   140 ||   870
       Kick              |       |     2 |       |       ||     2
Invok: Berserk           |       |     1 |     4 |     2 ||     7
       Trog's Hand       |       |     1 |     3 |     4 ||     8
       Brothers in Arms  |       |       |     1 |     1 ||     2
  Use: Scroll            |     3 |     6 |       |     1 ||    10
       Potion            |       |     1 |     8 |     3 ||    12
 Stab: Sleeping          |     2 |     1 |       |       ||     3
       Distracted        |       |     1 |     5 |     1 ||     7
  Eat: Chunk             |     3 |     7 |    13 |     4 ||    27
       Fruit             |       |     2 |     5 |     2 ||     9
       Bread ration      |       |       |     2 |     1 ||     3
Armor: Animal skin       |    14 |    18 |       |       ||    32
       Chain mail        |       |     8 |       |       ||     8
       Plate armour      |       |    25 |   278 |       ||   303
       Scale mail        |       |       |    40 |    69 ||   109
Dodge: Dodged            |    61 |    68 |   179 |    65 ||   373
       Deflected         |       |       |     4 |       ||     4
       Rpst.: Falchion   |    19 |    17 |    65 |    16 ||   117
